 Dungeon Sprint DCSS version 0.22.1-2-g9c5b331 (webtiles) character file.

458 diana the Cruncher (level 7, -2/65 HPs)
             Began as a Formicid Fighter on Nov 27, 2018.
             Was an Initiate of Ru.
             Slain by an eight-headed hydra (6 damage)
             ... in the Dungeon (Sprint IX: "|||||||||||||||||||||||||||||").
             The game lasted 00:01:54 (463 turns).

diana the Cruncher (Formicid Fighter)                Turns: 463, Time: 00:01:56

Health: -2/65      AC:  6    Str: 23    XL:     7   Next: 27%
Magic:  7/7        EV:  8    Int: 10    God:    Ru [......]
Gold:   0          SH: 10    Dex: 13    Spells: 6/6 levels left

rFire    . . .     SeeInvis +   q - +4 quarterstaff (speed)
rCold    . . .     Gourm    .   c - +0 shield
rNeg     . . .     Faith    .   b - +0 scale mail
rPois    .         Spirit   .   (helmet unavailable)
rElec    .         Reflect  .   (no cloak)
rCorr    .         Harm     .   (no gloves)
MR       .....                  (no boots)
Stlth    ..........             (no amulet)
HPRegen  0.20/turn              u - +3 ring of dexterity
MPRegen  0.10/turn              v - +3 ring of intelligence

@: no status effects
A: permanent stasis, dig shafts and tunnels, four strong arms, antennae 3
a: Dig, Renounce Religion


You were in the Dungeon.
You worshipped Ru.
Ru was noncommittal.
You were not hungry.

You visited 1 branch

Inventory:

Hand Weapons
 a - a +0 quarterstaff
 l - a +0 giant club
 q - a +4 quarterstaff of speed (weapon)
Armour
 b - a +0 scale mail (worn)
 c - a +0 shield (worn)
 r - a +0 pair of gloves
 s - a +0 helmet
 t - a +1 chain mail
Jewellery
 u - a +3 ring of dexterity (left hand)
 v - a +3 ring of intelligence (right hand)
Wands
 p - a wand of iceblast (10)
Scrolls
 k - 2 scrolls of blinking
 n - 3 scrolls of remove curse
 o - 2 scrolls of amnesia
Potions
 d - a potion of might
 e - 5 potions of curing
 g - 3 potions of heal wounds
 h - a potion of haste
 i - 4 potions of magic
 j - a potion of berserk rage
 m - a potion of invisibility


   Skills:
 + Level 9.8 Fighting
 * Level 11.8 Staves
 - Level 3.2 Armour
 - Level 3.6 Shields


You had 6 spell levels left.
You didn't know any spells.
Your spell library was empty.

Dungeon Overview and Level Annotations

Branches:
Dungeon (1/1)

Altars:
Cheibriados
Dithmenos
Elyvilon
Fedhas
Gozag
Hepliaklqana
Kikubaaqudgha
Makhleb
Nemelex Xobeh
Okawaru
Qazlal
Ru
Sif Muna
Trog
Uskayaw
Vehumet
Wu Jian
Xom
Yredelemnul
Zin
The Shining One
Beogh
Jiyva
Lugonu


Innate Abilities, Weirdness & Mutations

You cannot be hasted, slowed, berserked, paralysed or teleported.
You can dig through walls and to a lower floor.
Your four strong arms can wield two-handed weapons with a shield.
You have a pair of large antennae on your head. (SInv)


Message History

The eight-headed hydra bites you! The eight-headed hydra bites you.
The eight-headed hydra barely misses you.
The eight-headed hydra bites you but does no damage.
The eight-headed hydra bites you!
* * * LOW HITPOINT WARNING * * *
You sock the eight-headed hydra!
The eight-headed hydra is heavily wounded.
You bludgeon the eight-headed hydra!!
The eight-headed hydra is severely wounded.
The eight-headed hydra bites you.
* * * LOW HITPOINT WARNING * * *
You block the eight-headed hydra's attack.
The eight-headed hydra bites you.
* * * LOW HITPOINT WARNING * * *
You block the eight-headed hydra's attack.
The eight-headed hydra bites you but does no damage.
The eight-headed hydra bites you.
* * * LOW HITPOINT WARNING * * *
The eight-headed hydra bites you.
You die... {{{{{{{{ ▓▓▓▓▓▓▓▓▓▓▓▓▓▓▓▓▓▓▓▓▓▓▓▓ .JuQKYD@.)))('.....)|..' ▓▓▓▓▓▓▓▓▓▓▓▓▓▓▓▓▓▓▓▓▓▓▓▓

You could see an eight-headed hydra, a brown ugly thing, a slime creature, a tengu warrior, a sky beast and a big kobold.

Vanquished Creatures
  A yak (D)
  A hungry ghost (D)
  2 ogres (D)
  An adder (D)
  A shadow imp (D)
  2 orcs (D)
  A ball python (D)
  A quokka (D)
  2 goblins (D)
  A jackal skeleton (D)
  A kobold (D)
  A leopard gecko skeleton (D)
  A rat (D)
16 creatures vanquished.

Notes
Turn   | Place    | Note
-------+----------+-------------------------------------------
     0 | D        | diana the Formicid Fighter began the quest for the Orb.
     0 | D        | Reached XP level 1. HP: 18/18 MP: 1/1
    12 | D        | Reached skill level 3 in Staves
    22 | D        | Noticed an ogre
    24 | D        | Reached XP level 2. HP: 25/25 MP: 2/2
    30 | D        | Killed an ogre
    30 | D        | Reached skill level 7 in Staves
    30 | D        | Reached XP level 3. HP: 29/35 MP: 3/3
    30 | D        | Reached XP level 4. HP: 35/41 MP: 4/4
    33 | D        | Reached XP level 5. HP: 35/47 MP: 5/5
   112 | D        | Found a roughly hewn altar of Beogh.
   112 | D        | Found a snail-covered altar of Cheibriados.
   112 | D        | Found a shadowy altar of Dithmenos.
   112 | D        | Found a white marble altar of Elyvilon.
   112 | D        | Found a blossoming altar of Fedhas.
   112 | D        | Found an opulent altar of Gozag.
   113 | D        | Found a hazy altar of Hepliaklqana.
   114 | D        | Found a viscous altar of Jiyva.
   115 | D        | Found an ancient bone altar of Kikubaaqudgha.
   116 | D        | Found a corrupted altar of Lugonu.
   117 | D        | Found a burning altar of Makhleb.
   118 | D        | Found a sparkling altar of Nemelex Xobeh.
   119 | D        | Found an iron altar of Okawaru.
   120 | D        | Found a stormy altar of Qazlal.
   121 | D        | Found a sacrificial altar of Ru.
   122 | D        | Found a deep blue altar of Sif Muna.
   123 | D        | Found a bloodstained altar of Trog.
   124 | D        | Found a hide-covered altar of Uskayaw.
   125 | D        | Found a radiant altar of Vehumet.
   126 | D        | Found an ornate altar of the Wu Jian Council.
   127 | D        | Found a shimmering altar of Xom.
   128 | D        | Found a basalt altar of Yredelemnul.
   129 | D        | Found a glowing silver altar of Zin.
   130 | D        | Found a glowing golden altar of the Shining One.
   184 | D        | Became a worshipper of Ru the Awakened
   204 | D        | Noticed an ogre
   204 | D        | Noticed a hungry ghost
   204 | D        | Noticed a yak
   210 | D        | Killed a yak
   210 | D        | Reached skill level 9 in Staves
   210 | D        | Reached XP level 6. HP: 42/56 MP: 6/6
   221 | D        | Killed a hungry ghost
   221 | D        | Reached skill level 11 in Staves
   226 | D        | Reached XP level 7. HP: 44/64 MP: 7/7
   458 | D        | Noticed a slime creature
   458 | D        | Noticed a brown ugly thing
   458 | D        | Noticed a tengu warrior
   458 | D        | Noticed an eight-headed hydra
   463 | D        | Slain by an eight-headed hydra

Skill      XL: |  1  2  3  4  5  6 |
---------------+-------------------+-----
Staves         | 3 7 9 11 | 11.8
Fighting       | 4 6 8 9 |  9.8
Armour         | |  3.2
Shields        | |  3.6

Action                   |  1- 3 |  4- 6 |  7- 9 || total
-------------------------+-------+-------+-------++-------
Melee: Quarterstaff      |    20 |    24 |    16 ||    60
  Eat: Ration            |       |       |     1 ||     1
Armor: Scale mail        |     7 |     5 |     5 ||    17
Dodge: Dodged            |     2 |     4 |     6 ||    12
Block: Shield            |     8 |     1 |     8 ||    17
